 Dungeon Crawl Stone Soup version 0.19.1 (webtiles) character file.

116752 Dfrag the Unseen (level 16, -4/128 (129) HPs)
             Began as a Naga Conjurer on Dec 2, 2016.
             Was the Champion of Makhleb.
             Slain by a 16-headed hydra (10 damage)
             ... on level 15 of the Dungeon.
             The game lasted 01:25:53 (31928 turns).

Dfrag the Unseen (Naga Conjurer)                   Turns: 31928, Time: 01:25:54

HP:   -4/128 (129)  AC: 10    Str:  9 (10) XL:     16   Next: 72%
MP:   3/34          EV: 10    Int: 28      God:    Makhleb [******]
Gold: 1330          SH:  0    Dex: 16      Spells: 7 memorised, 18 levels left

rFire  + . .     SeeInvis +     I - +4 long sword of Sunlight {slice, rN+ Dex+4}
rCold  + + .     Gourm    .     y - +1 robe of the Harp {rC++ Dex+4}
rNeg   + . .     Faith    .     (no shield)
rPois  +         Spirit   .     d - +1 hat {MR+}
rElec  .         Reflect  .     V - +0 cloak
rCorr  .         Harm     .     R - +0 pair of gloves
MR     +++..                    (no barding)
Stlth  ++++++....               K - amulet of regeneration
                                q - +5 ring of intelligence
                                t - ring of protection from fire

@: studying Long Blades, very slow
A: see invisible, clumsy 2, deformed body, deterioration 1, frail 1, poison
resistance, slowness 2, slow regeneration 1, slow metabolism 1, spit poison 1,
subdued magic 2, constrict 1, AC +5
a: Spit Poison, Minor Destruction, Lesser Servant of Makhleb, Major Destruction,
Greater Servant of Makhleb, Renounce Religion


You were on level 15 of the Dungeon.
You worshipped Makhleb.
Makhleb was exalted by your worship.
You were very hungry.

You visited 5 branches of the dungeon, and saw 25 of its levels.
You also visited: Labyrinth, Sewer and Ice Cave.

You collected 2598 gold pieces.
You spent 1268 gold pieces at shops.

Inventory:

Hand Weapons
 I - the +4 long sword of Sunlight (weapon) {slice, rN+ Dex+4}
   (You bought it in a shop on level 2 of the Orcish Mines)

   It inflicts extra damage upon your enemies.
   It affects your dexterity (+4).
   It protects you from negative energy.
 W - a +0 demon blade of venom
Armour
 d - a +1 hat of magic resistance (worn)
 y - the +1 robe of the Harp (worn) {rC++ Dex+4}
   (You found it on level 4 of the Dungeon)

   It affects your dexterity (+4).
   It greatly protects you from cold.
 B - a +2 robe of fire resistance
 R - a +0 pair of gloves (worn)
 V - a +0 cloak (worn)
Jewellery
 p - an uncursed ring of positive energy {unknown}
 q - a +5 ring of intelligence (right hand)
 t - a ring of protection from fire (left hand)
 u - an uncursed ring of magical power
 D - a +4 ring of intelligence
 K - an amulet of regeneration (around neck)
Wands
 F - a wand of digging (6/24)
 N - a wand of iceblast (5/15)
 Y - a wand of disintegration (8/24)
Scrolls
 a - 2 scrolls of enchant armour
 b - 2 scrolls of holy word
 g - 12 scrolls of remove curse
 h - 4 scrolls of fog
 i - 9 scrolls of recharging
 m - a scroll of immolation
 n - a scroll of magic mapping
 A - 4 scrolls of amnesia
 J - 5 scrolls of enchant weapon
 T - a scroll of teleportation
Potions
 e - 3 potions of haste
 f - 3 potions of curing
 r - 4 potions of flight
 v - 3 potions of brilliance
 x - a potion of beneficial mutation
 z - a potion of might
 M - a potion of berserk rage
 P - 3 potions of agility
 Q - a potion of magic
Books
 l - a book of Battle

   Spells                             Type                      Level
   a - Infusion                       Charms                       1
   b - Shroud of Golubria             Charms/Translocation         2
   c - Song of Slaying                Charms                       2
   d - Spectral Weapon                Hexes/Charms                 3
   e - Regeneration                   Charms/Necromancy            3
 o - the Papyrus of Spatial Transmutation
   (You found it on level 1 of the Orcish Mines)

   Spells                             Type                      Level
   a - Lesser Beckoning               Translocation                3
   b - Petrify                        Transmutation/Earth          4
   c - Yara's Violent Unravelling     Hexes/Transmutation          5
   d - Controlled Blink               Translocation                8
 s - a Fen Folio

   Spells                             Type                      Level
   a - Corpse Rot                     Necromancy                   2
   b - Stone Arrow                    Conjuration/Earth            3
   c - Leda's Liquefaction            Hexes/Earth                  4
   d - Summon Forest                  Summoning/Translocation      5
   e - Hydra Form                     Transmutation                6
   f - Summon Hydra                   Summoning                    7
 G - a book of Minor Magic

   Spells                             Type                      Level
   a - Magic Dart                     Conjuration                  1
   b - Blink                          Translocation                2
   c - Call Imp                       Summoning                    2
   d - Repel Missiles                 Charms/Air                   2
   e - Slow                           Hexes                        2
   f - Conjure Flame                  Conjuration/Fire             3
   g - Mephitic Cloud                 Conjuration/Poison/Air       3
 H - a book of Debilitation

   Spells                             Type                      Level
   a - Corona                         Hexes                        1
   b - Slow                           Hexes                        2
   c - Gell's Gravitas                Hexes/Translocation          3
   d - Inner Flame                    Hexes/Fire                   3
   e - Cause Fear                     Hexes                        4
   f - Leda's Liquefaction            Hexes/Earth                  4
 L - a book of Fire

   Spells                             Type                      Level
   a - Ignite Poison                  Fire/Transmutation/Poison    3
   b - Fireball                       Conjuration/Fire             5
   c - Bolt of Fire                   Conjuration/Fire             6
   d - Delayed Fireball               Conjuration/Fire             7
   e - Ring of Flames                 Charms/Fire                  7
 X - a manual of Long Blades
 Z - a book of Air

   Spells                             Type                      Level
   a - Shock                          Conjuration/Air              1
   b - Swiftness                      Charms/Air                   2
   c - Repel Missiles                 Charms/Air                   2
   d - Static Discharge               Conjuration/Air              3
   e - Lightning Bolt                 Conjuration/Air              5
Comestibles
 c - 12 bread rations
 k - 15 meat rations
 w - 14 fruits
 E - 8 beef jerkies
 S - 7 chunks of flesh
 U - a slice of pizza


   Skills:
 - Level 9.1 Fighting
 - Level 12.3 Long Blades
 - Level 1.5 Dodging
 - Level 15.5 Stealth
 - Level 14.3 Spellcasting
 - Level 14.1 Conjurations
 + Level 8.9 Fire Magic
 + Level 8.1 Invocations
 - Level 7.6 Evocations


You had 18 spell levels left.
You knew the following spells:

 Your Spells              Type           Power        Failure   Level  Hunger
a - Magic Dart            Conj           ####         0%          1    None
b - Searing Ray           Conj           ######       0%          2    None
c - Iskenderun's Battles  Conj/Chrm      #####...     2%          5    None
d - Iskenderun's Mystic   Conj           ######..     1%          4    None
e - Fireball              Conj/Fire      ######....   1%          5    None
f - Swiftness             Chrm/Air       ##......     2%          2    None
g - Bolt of Fire          Conj/Fire      ######....   1%          6    ####...


Dungeon Overview and Level Annotations

Branches:
Dungeon (15/15) Temple (1/1) D:6 Lair (6/6) D:10 Shoals (0/4) Lair:4 Spider (1/4) Lair:3 Slime (0/5) Lair:5 Orc (2/2) D:12 Elf (0/3) Orc:2 Vaults (0/5) D:12 D:13 Depths: D:15

Altars:
Ashenzari
Cheibriados
Dithmenos
Elyvilon
Fedhas
Gozag
Hepliaklqana
Kikubaaqudgha
Makhleb
Nemelex Xobeh
Okawaru
Qazlal
Ru
Sif Muna
Trog
Uskayaw
Vehumet
Xom
Yredelemnul
Zin
The Shining One
Beogh
Jiyva

Shops:
D:14 *   Orc:2 (*:[


Innate Abilities, Weirdness & Mutations

You cannot wear boots.
Your serpentine skin is tough. (AC +5)
You have supernaturally acute eyesight. (SInv)
Armour fits poorly on your strangely shaped body.
Your system is resistant to poisons. (rPois)
You cover ground very slowly.
You have a slow metabolism.
You can spit poison.
You can use your snake-like lower body to constrict enemies.
You are very clumsy. (Dex -4)
Your body sometimes deteriorates upon taking damage.
You are frail. (-10% HP)
You regenerate slowly when monsters are visible.
Your spells are easier to cast, but less powerful.


Message History

You cannot teleport because you are held in place by your roots.
Unknown command.
Unknown command.
Your magical effects are unravelling.
You feel magically purged.
You feel less woody.
Your +0 cloak unmelds from your body.
Your +1 hat of magic resistance unmelds from your body.
Your +0 pair of gloves unmelds from your body.
The +1 robe of the Harp {rC++ Dex+4} unmelds from your body.
You feel resistant to hostile enchantments.
The 16-headed hydra bites you!
* * * LOW HITPOINT WARNING * * *
The 16-headed hydra bites you!
* * * LOW HITPOINT WARNING * * *
The 16-headed hydra closely misses you. The 16-headed hydra bites you.
* * * LOW HITPOINT WARNING * * *
The 16-headed hydra bites you but does no damage.
The 16-headed hydra bites you!
You die...

#.# #.# #.# #.#
#.###### # #......#
.#
######.###########.#
#.##..........# #@#
# #...# #D# ##.##..#
.# #.## #......# .#
#.##.##.##..# .#
#.##..###...###.##
#.##.........#...#
#.##.###..........
#.##.# #..........
#.##.# ##...<.....


You could see a 16-headed hydra.

Vanquished Creatures
  Gastronok (D:10)
  Kirke (D:13)
  An orc warlord (Orc:1)
  An emperor scorpion (Spider:1)
  Nessos (D:12)
  Azrael (Orc:2)
  A minotaur (Lab)
  9 hydras
  A catoblepas (D:14)
  5 centaur warriors
  2 tengu warriors
  An orc high priest (Orc:2)
  The ghost of ChaseSP the Cleaver, a novice FoFi of Qazlal (D:7)
  2 unseen horrors
  A wizard (D:14)
  6 orc knights
  6 hill giants
  4 orc sorcerers (Orc:2)
  11 ugly things
  8 wolf spiders (Spider:1)
  3 orb spiders (Spider:1)
  6 cyclopes
  A manticore (D:13)
  31 elephants
  6 black mambas
  Maurice (D:8)
  Joseph (D:7)
  5 centaur zombies
  A gargoyle (D:15)
  10 spiny frogs
  A kobold demonologist (D:13)
  7 komodo dragons
  3 rime drakes
  A tengu conjurer (D:15)
  3 efreet
  14 jumping spiders
  A minotaur zombie (Lab)
  8 polar bears
  3 meliai (D:14)
  6 trolls
  3 two-headed ogres
  11 slime creatures
  4 hornets
  19 blink frogs
  6 dream sheep (Lair:3)
  24 redbacks
  10 hippogriffs
  2 shadows
  A centaur simulacrum (D:15)
  16 spriggans
  5 tarantellas (Spider:1)
  A wraith (D:11)
  A water elemental (D:11)
  4 fire elementals (Orc:2)
  16 humans
  A wyvern (D:8)
  3 basilisks
  34 yaks
  3 hogs (D:13)
  Eustachio (D:5)
  2 hungry ghosts
  8 vampire mosquitoes
  2 mottled dragons
  5 wargs
  A floating eye (D:9)
  3 hell hounds (Orc:2)
  Duvessa (D:7)
  9 porcupines
  15 water moccasins
  3 phantoms
  7 ice beasts
  25 orc warriors
  7 sky beasts
  3 black bears
  A black bear (shapeshifter) (D:15)
  2 boggarts (Lair:6)
  3 necrophages
  8 ogres
  An eye of draining (D:11)
  26 wolves
  10 centaurs
  18 crocodiles
  5 big kobolds
  27 bullfrogs
  A wyvern zombie (D:10)
  Dowan (D:7)
  A hornet simulacrum (D:15)
  5 scorpions
  2 wyvern skeletons
  20 wights
  4 howler monkeys
  5 electric eels
  8 crimson imps
  A quasit (D:11)
  11 hounds
  15 orc priests
  A wyvern simulacrum (D:15)
  2 jellies
  A basilisk zombie (Lair:4)
  6 centaur skeletons
  5 bullfrog skeletons
  6 iguanas
  27 orc wizards
  13 worker ants
  A killer bee zombie (D:10)
  A hound zombie (D:11)
  A hound skeleton (D:7)
  A howler monkey skeleton (D:4)
  A worker ant zombie (D:7)
  8 gnolls
  17 adders
  5 shadow imps
  2 oozes
  An adder skeleton (D:6)
  2 worms
  3 dart slugs
  8 leopard geckos
  87 orcs
  A ball python (D:5)
  4 bats
  3 giant cockroaches
  8 goblins
  7 hobgoblins
  23 jackals
  40 kobolds
  2 quokkas
  5 frilled lizards
  2 jackal skeletons
  A leopard gecko skeleton (D:4)
  2 quokka skeletons
  7 rats
911 creatures vanquished.

Vanquished Creatures (collateral kills)
  An orb spider (Spider:1)
1 creature vanquished.

Vanquished Creatures (others)
  A bush (Lair:3)
  26 fungi
  30 plants
57 creatures vanquished.

Grand Total: 969 creatures vanquished

Notes
Turn   | Place    | Note
-------+----------+-------------------------------------------
     0 | D:1      | Dfrag the Naga Conjurer began the quest for the Orb.
     0 | D:1      | Reached XP level 1. HP: 15/15 MP: 3/3
   181 | D:1      | Reached XP level 2. HP: 18/22 MP: 5/5
   190 | D:1      | Learned a level 2 spell: Searing Ray
   767 | D:2      | Found a glowing silver altar of Zin.
   796 | D:2      | Reached XP level 3. HP: 25/28 MP: 7/7
  1209 | D:2      | Reached XP level 4. HP: 36/36 MP: 3/9
  1835 | D:3      | Found a hide-covered altar of Uskayaw.
  2103 | D:3      | Found a sparkling altar of Nemelex Xobeh.
  2169 | D:4      | Got an ichor-stained robe
  2180 | D:4      | Identified the +1 robe of the Harp {rC++ Dex+4} (You found it on level 4 of the Dungeon)
  2198 | D:4      | Reached XP level 5. HP: 42/42 MP: 4/10
  2360 | D:4      | Reached skill level 5 in Conjurations
  2639 | D:3      | Reached XP level 6. HP: 18/49 MP: 3/13
  2840 | D:4      | Reached skill level 5 in Spellcasting
  2999 | D:4      | Reached XP level 7. HP: 12/55 MP: 0/15
  3150 | D:4      | Found an opulent altar of Gozag.
  3822 | D:5      | Entered Level 5 of the Dungeon
  3854 | D:5      | Noticed Eustachio
  3940 | D:5      | Killed Eustachio
  3974 | D:5      | Reached XP level 8. HP: 38/62 MP: 1/18
  4002 | D:5      | Found a basalt altar of Yredelemnul.
  4031 | D:5      | Found a glowing drain.
  4041 | Sewer    | Entered a sewer
  4798 | D:5      | Learned a level 5 spell: Iskenderun's Battlesphere
  5244 | D:6      | Found a runed door.
  5294 | D:6      | Found a staircase to the Ecumenical Temple.
  5307 | Temple   | Entered the Ecumenical Temple
  5498 | Temple   | Became a worshipper of Makhleb the Destroyer
  6268 | D:6      | Reached XP level 9. HP: 66/68 MP: 10/21
  6463 | D:6      | Found a bloodstained altar of Trog.
  6654 | D:6      | Reached * piety under Makhleb
  6878 | D:6      | Found a roughly hewn altar of Beogh.
  6950 | D:7      | Noticed ChaseSP's ghost (novice FoFi)
  7234 | D:8      | Reached skill level 10 in Spellcasting
  7355 | D:8      | Reached ** piety under Makhleb
  7406 | D:8      | Found an iron altar of Okawaru.
  7510 | D:8      | Noticed Maurice
  7516 | D:8      | Killed Maurice
  7516 | D:8      | Reached XP level 10. HP: 75/75 MP: 9/24
  7866 | D:9      | Noticed a hill giant
  7936 | D:9      | Killed a hill giant
  8066 | D:9      | Reached *** piety under Makhleb
  8783 | D:8      | Learned a level 4 spell: Iskenderun's Mystic Blast
  8803 | D:7      | Noticed Joseph
  8810 | D:7      | Killed Joseph
  8810 | D:7      | Reached skill level 10 in Conjurations
  9037 | D:7      | Noticed Dowan
  9044 | D:7      | Noticed Duvessa
  9049 | D:7      | Killed Duvessa
  9055 | D:7      | Killed Dowan
  9101 | D:7      | Killed ChaseSP's ghost
  9101 | D:7      | Reached XP level 11. HP: 72/81 MP: 8/27
  9108 | D:7      | Reached **** piety under Makhleb
  9383 | D:10     | Entered Level 10 of the Dungeon
  9416 | D:10     | Found a staircase to the Lair.
  9433 | D:10     | Noticed Gastronok
  9692 | D:10     | Noticed a green ugly thing
  9702 | D:10     | Killed a green ugly thing
  9710 | D:10     | Gained mutation: You tend to lose your temper in combat. [mutagenic meat]
  9711 | D:10     | Gained mutation: You are partially covered in large bone plates. (SH +4) [mutagenic meat]
  9712 | D:10     | Gained mutation: You expend magic power (3 MP) to strengthen your wands. [mutagenic meat]
  9901 | D:10     | Killed Gastronok
 10133 | D:10     | Noticed a cyclops
 10153 | D:10     | Killed a cyclops
 10683 | D:11     | Noticed a hill giant
 10729 | D:11     | Killed a hill giant
 10802 | D:11     | Noticed a hill giant
 11159 | D:11     | Reached skill level 4 in Stealth
 11172 | D:11     | Noticed an unseen horror
 11177 | D:11     | Killed an unseen horror
 11177 | D:11     | Reached skill level 5 in Stealth
 11177 | D:11     | Reached XP level 12. HP: 88/88 MP: 20/29
 11245 | D:11     | Reached skill level 6 in Stealth
 11416 | D:11     | Reached skill level 7 in Stealth
 11578 | D:11     | Reached skill level 8 in Stealth
 11970 | D:11     | Reached ***** piety under Makhleb
 11989 | D:11     | Reached skill level 9 in Stealth
 12291 | D:12     | Gained mutation: Your mind is acute. (Int +2) [mutagenic meat]
 12412 | D:12     | Reached skill level 10 in Stealth
 13205 | D:12     | Found a staircase to the Orcish Mines.
 13414 | D:13     | Noticed a four-headed hydra
 13424 | D:13     | Found a gate to the Vaults.
 13424 | D:13     | Noticed a centaur warrior
 13424 | D:13     | Noticed Nessos
 13435 | D:12     | HP: 4/88 [hill giant/giant spiked club (41)]
 13441 | D:12     | Reached skill level 11 in Stealth
 13678 | Lair:1   | Entered Level 1 of the Lair of Beasts
 13805 | Lair:1   | Reached skill level 12 in Stealth
 14399 | Lair:1   | Reached skill level 13 in Stealth
 14665 | Lair:2   | Found a frozen archway.
 14705 | Lair:2   | Gained mutation: You can use your snake-like lower body to constrict enemies. [Naga growth]
 14705 | Lair:2   | Reached XP level 13. HP: 94/94 MP: 21/30
 14717 | IceCv    | Entered an ice cave
 14834 | IceCv    | Reached skill level 14 in Stealth
 15977 | Lair:3   | Reached skill level 15 in Stealth
 16563 | Lair:3   | Found a basalt altar of Yredelemnul.
 16729 | Lair:3   | Reached ****** piety under Makhleb
 17134 | Lair:3   | Found a hole to the Spider Nest.
 17635 | Lair:4   | Found a labyrinth entrance.
 17698 | Lab      | Entered a labyrinth
 17858 | Lab      | Noticed a minotaur
 17870 | Lab      | Killed a minotaur
 18151 | Lair:4   | Reached skill level 1 in Fighting
 18372 | Lair:4   | Reached skill level 1 in Long Blades
 18372 | Lair:4   | Reached XP level 14. HP: 72/109 MP: 19/32
 18487 | Lair:4   | Found a staircase to the Shoals.
 18787 | Lair:5   | Found a staircase to the Slime Pits.
 18787 | Lair:5   | Found a viscous altar of Jiyva.
 19517 | Lair:5   | Reached skill level 5 in Long Blades
 19718 | Lair:6   | Entered Level 6 of the Lair of Beasts
 19954 | Lair:6   | Reached skill level 5 in Fighting
 21078 | Lair:5   | Reached skill level 10 in Long Blades
 21760 | Lair:6   | Reached XP level 15. HP: 133/133 MP: 28/33
 22440 | Orc:1    | Entered Level 1 of the Orcish Mines
 22440 | Orc:1    | Found a roughly hewn altar of Beogh.
 22621 | D:11     | HP: 2/135 [orc knight/great sword (48)]
 23220 | Orc:1    | Identified the Papyrus of Spatial Transmutation
 23331 | Orc:2    | Entered Level 2 of the Orcish Mines
 23677 | Orc:2    | Found a burning altar of Makhleb.
 23703 | Orc:2    | Found a staircase to the Elven Halls.
 23818 | Orc:2    | Noticed Azrael
 23867 | Orc:2    | Reached skill level 1 in Evocations
 24016 | Orc:2    | Noticed an orc warlord
 24421 | Orc:2    | Learned a level 2 spell: Swiftness
 24436 | Orc:1    | Killed an orc warlord
 25116 | Orc:2    | Found a roughly hewn altar of Beogh.
 25124 | Orc:2    | Found Xocoir's Antique Weapon Emporium.
 25137 | Orc:2    | Bought a bone long sword for 238 gold pieces
 25137 | Orc:2    | Identified the +4 long sword of Sunlight {slice, rN+ Dex+4} (You bought it in a shop on level 2 of the Orcish Mines)
 25152 | Orc:2    | Reached skill level 5 in Evocations
 25163 | Orc:2    | Found Tisch's Book Emporium.
 25179 | Orc:2    | Found Qyuc's Antique Armour Emporium.
 25195 | Orc:2    | Found Kuxeklyo's General Store.
 25203 | Orc:2    | Bought a scroll of identify for 24 gold pieces
 25221 | Orc:2    | Bought a book of Fire for 910 gold pieces
 25228 | Orc:2    | Learned a level 5 spell: Fireball
 25269 | Orc:2    | Gained mutation: You occasionally shout uncontrollably at your foes. [potion of mutation]
 25276 | Orc:2    | Killed Azrael
 26059 | Spider:1 | Entered Level 1 of the Spider Nest
 26076 | Spider:1 | Reached skill level 1 in Fire Magic
 26306 | Spider:1 | Lost mutation: You expend magic power (3 MP) to strengthen your wands. [potion of mutation]
 26306 | Spider:1 | Gained mutation: You are clumsy. (Dex -2) [potion of mutation]
 26307 | Spider:1 | Gained mutation: You are very clumsy. (Dex -4) [potion of mutation]
 26307 | Spider:1 | Gained mutation: Your spells are a little easier to cast, but a little less powerful. [potion of mutation]
 26339 | Spider:1 | Gained mutation: Your muscles are strong. (Str +2) [potion of beneficial mutation]
 27289 | Spider:1 | Noticed an emperor scorpion
 27367 | Spider:1 | Killed an emperor scorpion
 28083 | D:11     | Reached skill level 1 in Invocations
 28201 | D:12     | Killed Nessos
 28201 | D:12     | Reached skill level 5 in Fire Magic
 28428 | D:13     | Reached XP level 16. HP: 98/144 MP: 5/34
 28493 | D:12     | Lost mutation: You occasionally shout uncontrollably at your foes. [mutagenic meat]
 28494 | D:12     | Gained mutation: You are frail. (-10% HP) [mutagenic meat]
 28496 | D:12     | Lost mutation: Your mind is acute. (Int +2) [mutagenic meat]
 28497 | D:12     | Lost mutation: Your muscles are strong. (Str +2) [mutagenic meat]
 28683 | D:13     | Noticed Kirke
 28698 | D:13     | Noticed a sphinx
 28705 | D:13     | Killed Kirke
 28722 | D:13     | Learned a level 6 spell: Bolt of Fire
 29027 | D:13     | Reached skill level 5 in Invocations
 29220 | D:13     | Found a glowing golden altar of the Shining One.
 30087 | D:14     | Found Kigetek's General Store.
 30094 | D:14     | Bought a potion of magic for 96 gold pieces
 30806 | D:14     | Gained mutation: Your spells are easier to cast, but less powerful. [mutagenic meat]
 30807 | D:14     | Gained mutation: You regenerate slowly when monsters are visible. [mutagenic meat]
 30808 | D:14     | Lost mutation: You are partially covered in large bone plates. (SH +4) [mutagenic meat]
 30809 | D:14     | Gained mutation: Your body sometimes deteriorates upon taking damage. [mutagenic meat]
 31144 | D:15     | Entered Level 15 of the Dungeon
 31160 | D:15     | Lost mutation: You tend to lose your temper in combat. [mutagenic meat]
 31445 | D:15     | Found a sparkling altar of Nemelex Xobeh.
 31928 | D:15     | HP: 6/128 [16-headed hydra (5)]
 31928 | D:15     | Slain by a 16-headed hydra

Skill      XL: |  1  2  3  4  5  6  7  8  9 10 11 12 13 14 15 16 |
---------------+-------------------------------------------------+-----
Spellcasting   | 3 4 5 6 8 10 12 13 14 | 14.3
Conjurations   | 5 6 7 8 10 11 12 14 | 14.1
Stealth        | 5 13 15 | 15.5
Fighting       | 2 8 9 |  9.1
Long Blades    | 1 11 12 | 12.3
Evocations     | 7 |  7.6
Fire Magic     | 5 8 |  8.9
Invocations    | 2 8 |  8.1
Dodging        | |  1.5

Action                   |  1- 3 |  4- 6 |  7- 9 | 10-12 | 13-15 | 16-18 || total
-------------------------+-------+-------+-------+-------+-------+-------++-------
Melee: Unarmed           |     6 |    29 |    27 |       |       |       ||    62
       War axe           |       |       |    34 |   115 |    45 |       ||   194
       Constrict         |       |       |       |       |    72 |    33 ||   105
       Demon blade       |       |       |       |       |   211 |       ||   211
       Long sword        |       |       |       |       |    69 |   248 ||   317
 Cast: Magic Dart        |    27 |    50 |    78 |   163 |   450 |    44 ||   812
       Searing Ray       |     2 |    16 |    74 |   126 |   124 |    40 ||   382
       Iskenderun's Batt |       |       |     2 |    26 |   142 |    19 ||   189
       Iskenderun's Myst |       |       |       |    31 |   125 |    18 ||   174
       Fireball          |       |       |       |       |    18 |    40 ||    58
       Swiftness         |       |       |       |       |     4 |       ||     4
       Bolt of Fire      |       |       |       |       |       |    10 ||    10
Invok: Greater Servant o |       |       |       |       |     2 |       ||     2
       Major Destruction |       |       |       |       |       |     1 ||     1
 Abil: Spit Poison       |    24 |    34 |    30 |    23 |    13 |     6 ||   130
Evoke: Wand              |       |       |       |       |     2 |       ||     2
  Use: Scroll            |       |     2 |     8 |    13 |    22 |       ||    45
       Potion            |       |     1 |     1 |     2 |    26 |     4 ||    34
 Stab: Sleeping          |       |       |       |     1 |     1 |     4 ||     6
       Invisible         |       |       |       |       |     7 |       ||     7
       Distracted        |       |       |       |       |       |     1 ||     1
  Eat: Chunk             |     2 |     6 |    14 |    23 |    33 |    20 ||    98
       Pizza             |       |       |       |     1 |     1 |       ||     2
       Beef jerky        |       |       |       |       |     2 |     1 ||     3
       Fruit             |       |       |       |       |     1 |       ||     1
Armor: Robe              |     3 |    27 |    71 |   137 |   288 |    89 ||   615
       Skin              |       |       |       |       |    84 |   264 ||   348
Dodge: Dodged            |     3 |    59 |   148 |   229 |   470 |   125 ||  1034
Block: Other             |       |       |       |    53 |   161 |    25 ||   239
       Rpst.: Demon blade |       |       |       |       |    55 |       ||    55
       Long sword        |       |       |       |       |    34 |    28 ||    62
